Map: Shrines of Lizul

Players

Musumeci - Winner!

  • Race: Zerg Zerg
  • League: Diamond
  • Spawn Location: 9:00

MichyMoko - Winner!

  • Race: Zerg Zerg
  • Spawn Location: 6:00

mrLongolong

  • Race: Zerg Zerg
  • Spawn Location: 3:00

mrBierbong

  • Race: Protoss Protoss
  • Spawn Location: 12:00

VOD

Have the link to the VOD?

Description

Time

  • Played on: Feb. 2, 2017, 3:17 p.m.
  • Length: 12:26
Show
View Real Time Build Order
Export as new Build Order

Musumeci Zerg - Winner!

Build Orders: Pool First, Zergling Baneling 

Get SALT Encoding   

  12  0:05  Drone  
  13  0:12  Overlord  
  13  0:27  Drone  
  14  0:29  Extractor  
  14  0:30  Drone  
  14  0:33  Drone  
  16  0:38  Drone  
  17  0:50  Spawning Pool  
  16  1:26  Extractor  
  15  1:37  Zergling x6  
  18  1:41  Hatchery  
  16  1:49  Zergling x2  
  17  2:08  Zergling x2  
  18  2:09  Queen  
  20  2:20  Drone x2  
  22  2:31  Overlord  
  22  2:39  Metabolic Boost  
  22  2:51  Baneling Nest  
  21  2:52  Queen  
  21  2:54  Zergling x4  
  25  3:04  Zergling x4  
  27  3:14  Zergling x2  
  27  3:15  Zergling x2  
  29  3:27  Evolution Chamber  
  28  3:48  Zergling x2  
  28  3:49  Zergling x8  
  29  4:17  Zergling x12  
  31  4:35  Zergling x6  
  32  4:48  Baneling x4  
  30  4:59  Baneling x5  
  21  5:24  Zergling x10  
  23  5:46  Zergling x2  
  23  5:47  Zergling x6  
  25  6:05  Zergling x6  
  24  6:23  Zergling x8  
  26  6:27  Baneling  
  26  6:28  Baneling  
  25  6:47  Zergling x4  
  25  6:48  Zergling x4  
  22  7:16  Zergling x12  
  28  7:34  Drone x4  
  31  7:46  Drone x3  
  34  7:56  Zergling x4  
  35  8:11  Baneling  
  35  8:12  Baneling x3  
  28  8:46  Zergling x6  
  28  8:47  Zergling x8  
  35  9:02  Roach Warren  
  35  9:07  Drone  
  35  9:08  Overlord x3  
  35  9:09  Overlord  
  28  9:43  Zergling x10  
  28  9:45  Drone x8  
  36  9:46  Drone x3  
  44  9:53  Lair  
  44  10:04  Roach  
  44  10:05  Roach x2  
  50  10:11  Spore Crawler  
  50  10:13  Spore Crawler  
  47  10:34  Pneumatized Carapace  
  47  11:04  Baneling  
  47  11:05  Baneling x3  
  47  11:15  Overlord x2  
  47  11:20  Extractor  
  46  11:31  Queen x2  
  47  11:41  Overlord  
  47  11:45  Spore Crawler  
  47  11:46  Spore Crawler  
  45  11:48  Drone x2, Spore Crawler  
  45  11:49  Drone, Spore Crawler  
  45  11:53  Hydralisk Den  
Show
View Real Time Build Order
Export as new Build Order

MichyMoko Zerg - Winner!

Build Orders: Hatch First 

Get SALT Encoding   

  12  0:01  Drone  
  13  0:13  Overlord  
  13  0:19  Drone  
  14  0:31  Drone x2  
  16  0:56  Drone  
  17  1:01  Hatchery  
  16  1:12  Spawning Pool  
  16  1:13  Drone  
  16  1:20  Extractor  
  15  1:28  Drone x2  
  15  1:32  Drone  
  18  1:40  Drone  
  19  1:52  Drone  
  20  2:02  Spine Crawler, Drone  
  20  2:05  Queen  
  22  2:14  Queen  
  24  2:21  Zergling x4  
  26  2:26  Metabolic Boost  
  26  2:31  Overlord  
  26  2:38  Overlord  
  26  2:39  Drone  
  26  2:43  Zergling x2  
  28  2:54  Queen  
  28  2:55  Zergling x2  
  28  2:57  Zergling x2  
  32  3:17  Drone x2  
  34  3:27  Drone x2, Roach Warren  
  34  3:28  Drone x2  
  34  3:30  Drone  
  34  3:31  Drone  
  39  3:37  Drone x2  
  41  3:50  Zergling x2  
  41  3:51  Zergling x4  
  41  3:52  Overlord  
  44  4:07  Overlord  
  44  4:13  Zergling x2  
  44  4:14  Zergling x10  
  50  4:23  Zergling x2  
  50  4:24  Zergling x4  
  51  4:30  Zergling x4  
  51  4:31  Zergling x6  
  55  4:49  Zergling x2  
  55  4:50  Zergling x6  
  49  5:20  Zergling x2  
  51  5:21  Zergling x8  
  51  5:31  Zergling x2  
  51  5:32  Zergling x6  
  46  6:12  Zergling x12  
  49  6:23  Zergling x8  
  52  6:31  Zergling x4  
  54  6:38  Zergling x2  
  50  7:06  Zergling x14  
  50  7:07  Zergling x6  
  55  7:28  Zergling x2  
  55  7:29  Zergling x6  
  51  7:40  Drone, Extractor  
  51  7:41  Drone x2  
  53  8:03  Drone  
  53  8:04  Drone x3  
  53  8:34  Zergling x14  
  53  8:37  Drone  
  53  8:38  Drone x3  
  53  8:54  Extractor  
  52  8:55  Extractor  
  52  9:00  Roach x3  
  52  9:01  Roach  
  52  9:02  Lair  
  59  9:14  Drone  
  59  9:16  Overlord x2  
  60  9:25  Evolution Chamber x2  
  60  9:28  Roach  
  60  9:30  Overlord x3  
  60  9:32  Hatchery  
  59  9:40  Roach x4  
  67  9:49  Roach x3  
  73  9:59  Roach  
  75  10:00  Roach x3  
  75  10:02  Ravager x5  
  75  10:04  Roach x2  
  90  10:17  Overseer  
  90  10:21  Spore Crawler  
  89  10:24  Spore Crawler  
  89  10:27  Roach x3  
  89  10:28  Roach x3  
  100  10:30  Overlord x2  
  100  10:45  Roach x2  
  104  10:50  Glial Reconstitution  
  104  10:56  Drone x4  
  108  10:58  Roach x6  
  120  11:13  Roach  
  120  11:15  Overlord x2  
  122  11:30  Hydralisk Den  
  120  11:33  Queen  
  122  11:46  Queen  
  121  11:48  Queen  
  123  12:02  Spore Crawler  
Show
View Real Time Build Order
Export as new Build Order

mrLongolong Zerg 

Build Orders: Pool First 

Get SALT Encoding   

  12  0:02  Drone  
  13  0:10  Drone  
  14  0:16  Drone, Extractor  
  15  0:31  Spawning Pool  
  14  0:38  Overlord  
  14  0:54  Extractor  
  13  0:57  Drone  
  13  0:58  Drone x2  
  16  1:13  Drone  
  16  1:18  Queen  
  17  1:23  Roach Warren  
  18  1:26  Drone  
  18  1:29  Extractor  
  18  1:31  Drone  
  19  1:45  Drone  
  20  1:58  Zergling x2  
  21  2:04  Overlord  
  21  2:14  Evolution Chamber  
  20  2:23  Spine Crawler  
  20  2:28  Roach x4  
  27  2:33  Zergling x2  
  28  2:41  Metabolic Boost  
  28  2:58  Drone x2  
  30  3:03  Overlord  
  30  3:33  Hatchery  
  29  3:42  Drone x4  
  33  3:50  Overlord  
  33  4:09  Zergling x6  
  34  4:18  Zergling x6  
  8  4:54  Zergling x8  
  12  5:16  Zergling x6  
  12  5:19  Drone  
  11  5:44  Zergling x8  
  12  6:10  Drone  
  12  6:11  Drone  
  10  6:33  Zergling x4  
  10  6:37  Spine Crawler  
    7:37  Drone x3  
  3  8:00  Drone  
  4  8:06  Drone  
  5  8:28  Drone  
  5  8:29  Drone  
  7  8:34  Spine Crawler  
  7  8:40  Drone  
  4  9:08  Drone  
    9:42  Drone  
    10:38  Drone x2  
  2  11:06  Drone  
  3  11:28  Drone  
Show
View Real Time Build Order
Export as new Build Order

mrBierbong Protoss 

Build Orders:  

Get SALT Encoding   

  12  0:00  Probe (Chrono Boost)  
  13  0:11  Probe (Chrono Boost)  
  14  0:20  Pylon  
  14  0:22  Probe (Chrono Boost)  
  15  0:38  Probe (Chrono Boost)  
  15  0:39  Gateway  
  16  0:49  Probe (Chrono Boost)  
  17  0:59  Probe (Chrono Boost)  
  18  1:10  Probe (Chrono Boost)  
  19  1:27  Forge  
  19  1:28  Cybernetics Core  
  19  1:30  Probe (Chrono Boost)  
  19  1:38  Assimilator  
  19  1:40  Probe (Chrono Boost)  
  20  1:51  Probe (Chrono Boost)  
  21  1:56  Pylon  
  21  2:00  Photon Cannon  
  21  2:12  Probe (Chrono Boost)  
  22  2:21  Photon Cannon  
  22  2:26  Pylon  
  22  2:31  Gateway  
  22  2:32  Assimilator  
  23  2:37  Probe (Chrono Boost)  
  23  2:49  Mothership Core (Chrono Boost)  
  23  2:51  Warp Gate  
  25  3:00  Zealot  
  27  3:07  Probe (Chrono Boost)  
  28  3:18  Stalker  
  28  3:19  Probe (Chrono Boost)  
  31  3:31  Probe (Chrono Boost)  
  31  3:33  Nexus  
  32  3:43  Probe (Chrono Boost)  
  33  3:55  Probe (Chrono Boost)  
  34  4:08  Probe (Chrono Boost)  
  34  4:09  Zealot x2  
  39  4:31  Gateway  
  39  4:38  Zealot  
  39  4:39  Zealot  
  40  4:46  Probe (Chrono Boost)  
  40  4:51  Pylon  
  31  5:34  Zealot  
  31  5:35  Zealot  
  33  5:48  Photon Cannon  
  33  5:53  Pylon  
  33  6:03  Zealot x2  
  25  6:24  Zealot x3  
  31  6:35  Photon Cannon  
  31  6:38  Photon Cannon  
  31  6:41  Photon Cannon  
  31  6:45  Zealot x3  
  31  7:06  Zealot x2  
  31  7:07  Zealot  
  29  7:30  Zealot x3  
  30  8:00  Zealot  
  30  8:01  Zealot x2  
  24  8:21  Zealot  
  24  8:22  Zealot x2  
  24  8:43  Zealot x2  
  24  8:46  Zealot  
  30  8:55  Probe (Chrono Boost)  
  30  9:07  Zealot x2  
  30  9:08  Zealot, Probe (Chrono Boost)  
  37  9:24  Stargate  
  37  9:25  Stargate  
  31  9:47  Probe (Chrono Boost)  
  32  10:00  Probe (Chrono Boost)  
  32  10:13  Void Ray  
  36  10:57  Pylon  
  36  11:15  Void Ray  
  32  11:41  Probe (Chrono Boost)  
Tags
 
Add a new tag
Caveats
  • Supply blocks, unpowered buildings, or Contaminate may cause inaccurate times.
  • Supply counts are checked every 10 seconds.